 Dungeon Crawl Stone Soup version 0.19.5 (webtiles) character file.

226 strmesko the Magician (level 5, 0/31 HPs)
             Began as a High Elf Wizard on Mar 30, 2017.
             Slain by a quasit (2 damage)
             ... in a sewer.
             The game lasted 00:23:04 (3711 turns).

strmesko the Magician (High Elf Wizard)             Turns: 3711, Time: 00:23:08

Health: 0/31       AC:  1    Str:  6      XL:     5   Next: 69%
Magic:  0/15       EV: 12    Int: 22      God:
Gold:   61         SH:  0    Dex:  7 (14) Spells: 5 memorised, 6 levels left

rFire  . . .     SeeInvis .     f - +0 dagger
rCold  . . .     Gourm    .     a - +0 robe
rNeg   . . .     Faith    .     (no shield)
rPois  .         Spirit   .     b - +0 hat
rElec  .         Reflect  .     o - +0 cloak
rCorr  .         Harm     +     e - +0 pair of gloves
MR     .....                    (no boots)
Stlth  ++........               t - amulet of harm
                                (no ring)
                                l - -3 ring of protection (curse)

@: no status effects
A: no striking features
a: no special abilities


You were in a sewer.
You were hungry.

You visited 1 branch of the dungeon, and saw 3 of its levels.
You also visited: Sewer.

You collected 61 gold pieces.

Inventory:

Hand Weapons
 f - a +0 dagger (weapon)
Armour
 a - a +0 robe (worn)
 b - a +0 hat (worn)
 e - a +0 pair of gloves (worn)
 o - a +0 cloak (worn)
Jewellery
 l - a cursed -3 ring of protection (left hand)
 t - an amulet of harm (around neck)
Scrolls
 h - 6 scrolls of identify {unknown}
 i - 2 scrolls of remove curse {unknown}
 n - 2 scrolls of noise {unknown}
 q - a scroll of magic mapping {unknown}
 r - a scroll of fog {unknown}
 s - 2 scrolls of amnesia {unknown}
 v - a scroll of teleportation {unknown}
Potions
 p - a potion of heal wounds {unknown}
 u - a potion of ambrosia {unknown}
Books
 c - a book of Minor Magic

   Spells                             Type                      Level
   a - Magic Dart                     Conjuration                  1
   b - Blink                          Translocation                2
   c - Call Imp                       Summoning                    2
   d - Repel Missiles                 Charms/Air                   2
   e - Slow                           Hexes                        2
   f - Conjure Flame                  Conjuration/Fire             3
   g - Mephitic Cloud                 Conjuration/Poison/Air       3
Comestibles
 d - 2 bread rations
 j - 3 beef jerkies
 k - a royal jelly


   Skills:
 - Level 2.1 Dodging
 - Level 2.1 Stealth
 + Level 6.5 Spellcasting
 - Level 3.1 Conjurations
   Level 0.8 Summonings
 - Level 1.1 Translocations
 + Level 0.1 Poison Magic


You had 6 spell levels left.
You knew the following spells:

 Your Spells              Type           Power        Failure   Level  Hunger
a - Magic Dart            Conj           ###.         2%          1    None
b - Blink                 Tloc           N/A          10%         2    None
c - Repel Missiles        Chrm/Air       #.....       14%         2    None
d - Conjure Flame         Conj/Fire      ##......     14%         3    #......
e - Mephitic Cloud        Conj/Pois/Air  ##......     17%         3    #......


Dungeon Overview and Level Annotations

Branches:
Dungeon (3/15)

Altars:
Elyvilon


Message History

Casting: Magic Dart
Confirm with . or Enter, or press ? or * to list all spells.
Aiming: Magic Dart
Press: ? - help, Shift-Dir - straight line, f/p - quasit
Aim: a quasit (almost dead)
The magic dart hits the quasit.
The quasit is almost dead.
The quasit bites you.
* * * LOW HITPOINT WARNING * * *
The quasit claws you.
* * * LOW HITPOINT WARNING * * *
You feel clumsy. The quasit completely misses you.
You barely miss the quasit.
The quasit is almost dead.
The quasit closely misses you. The quasit claws you.
* * * LOW HITPOINT WARNING * * *
You feel clumsy. The quasit claws you.
You die...

##### ##...##
#..∩..# #..∩..#
#.....# ##...##
###@################
#...555........#..≈#
#≈≈≈≈≈.≈≈≈≈.≈≈≈.≈≈.≈
#≈≈≈≈≈≈≈≈≈≈≈≈≈≈#≈..#
#################.##
#≈≈.# #≈≈.# #≈..#
#≈≈.#


You could see a quasit and 2 shadow imps.

Vanquished Creatures
  4 big kobold zombies (Sewer)
  5 adders
  2 ufetubi (Sewer)
  2 oozes (Sewer)
  2 worms (D:2)
  2 dart slugs
  3 leopard geckos
  8 bats
  A bat zombie (Sewer)
  6 giant cockroaches
  2 goblins
  7 hobgoblins
  5 jackals
  3 quokkas
  2 ball pythons
  7 frilled lizards
  2 giant cockroach zombies (Sewer)
  17 kobolds
  A kobold zombie (Sewer)
  5 rats
  A toadstool (D:1)
87 creatures vanquished.

Vanquished Creatures (others)
  A bat (Sewer)
  A kobold zombie (Sewer)
  3 toadstools (D:1)
5 creatures vanquished.

Grand Total: 92 creatures vanquished

Notes
Turn   | Place    | Note
-------+----------+-------------------------------------------
     0 | D:1      | strmesko the High Elf Wizard began the quest for the Orb.
     0 | D:1      | Reached XP level 1. HP: 11/11 MP: 6/6
   424 | D:1      | Reached XP level 2. HP: 13/17 MP: 0/7
   430 | D:1      | Learned a level 2 spell: Blink
   433 | D:1      | Learned a level 2 spell: Repel Missiles
   991 | D:1      | Reached XP level 3. HP: 21/21 MP: 6/9
  1188 | D:2      | Reached skill level 4 in Spellcasting
  1333 | D:2      | Found a white marble altar of Elyvilon.
  1463 | D:2      | Learned a level 3 spell: Conjure Flame
  1751 | D:2      | Reached XP level 4. HP: 19/27 MP: 1/11
  2059 | D:2      | Reached skill level 5 in Spellcasting
  2837 | D:3      | Found a glowing drain.
  2850 | Sewer    | Entered a sewer
  2867 | Sewer    | Learned a level 3 spell: Mephitic Cloud
  2944 | Sewer    | Reached XP level 5. HP: 19/31 MP: 0/14
  3146 | Sewer    | Reached skill level 6 in Spellcasting
  3309 | Sewer    | HP: 1/31 [poisoned by an adder]
  3638 | Sewer    | Found a burning altar of Makhleb.
  3711 | Sewer    | Slain by a quasit

Skill      XL: |  1  2  3  4  5 |
---------------+----------------+-----
Conjurations   | 2 3 |  3.1
Spellcasting   | 4 5 6 |  6.5
Dodging        | |  2.1
Stealth        | |  2.1
Summonings     | |  0.8
Translocations | |  1.1
Poison Magic   | |  0.1

Action                   |  1- 3 |  4- 6 || total
-------------------------+-------+-------++-------
Melee: Unarmed           |     4 |       ||     4
       Dagger            |     7 |    19 ||    26
 Cast: Magic Dart        |    98 |   132 ||   230
       Conjure Flame     |       |     2 ||     2
       Mephitic Cloud    |       |     1 ||     1
 Stab: Sleeping          |     1 |     1 ||     2
  Eat: Chunk             |     2 |     4 ||     6
       Pizza             |       |     1 ||     1
Armor: Robe              |     7 |     5 ||    12
Dodge: Dodged            |    15 |    58 ||    73
